 Dungeon Sprint DCSS version 0.30.1-11-g7821555f0a (webtiles) character file.

Game seed: 2639011664836201717

114 Heoruswealwe the Spear-Bearer (level 4, -3/45 HPs)
             Began as a Minotaur Fighter on Nov 3, 2023.
             Was an Initiate of Gozag.
             Slain by a wyvern (11 damage)
             ... in the Dungeon (Sprint IX: "|||||||||||||||||||||||||||||").
             The game lasted 00:01:17 (123 turns).

Heoruswealwe the Spear-Bearer (Minotaur Fighter)     Turns: 123, Time: 00:01:18

Health: -3/45      AC:  7    Str: 22    XL:     4   Next: 66%
Magic:  3/3        EV:  9    Int:  5    God:    Gozag
Gold:   261        SH:  4    Dex: 10    Spells: 3/3 levels left

rFire   . . .        a - +0 trident
rCold   . . .        d - +0 buckler
rNeg    . . .        c - +0 scale mail
rPois   .            (helmet restricted)
rElec   .            (no cloak)
rCorr   .            (no gloves)
SInv    .            (no boots)
Will    .....        (no amulet) Stlth
                     (no ring)
HPRegen 0.27/turn    (no ring)
MPRegen 0.08/turn

%: no teleportation
@: gold aura
A: horns 2, retaliatory headbutt
a: Renounce Religion, Potion Petition, Call Merchant, Bribe Branch


You were in the Dungeon.
You worshipped Gozag.
Gozag was aware of your devotion.
You visited 1 branch You collected 261 gold pieces.

Inventory:

Hand Weapons
 a - a +0 trident (weapon)
Armour
 c - a +0 scale mail (worn)
 d - a +0 buckler (worn)
Jewellery
 m - a +2 ring of evasion
 n - a +3 ring of strength
Wands
 l - a wand of roots (10)
Scrolls
 j - 2 scrolls of amnesia
 k - a scroll of blinking
Potions
 b - a potion of might
 e - 5 potions of curing
 f - 3 potions of heal wounds
 g - a potion of haste
 h - a potion of invisibility
 i - a potion of berserk rage


   Skills:
 + Level 6.6 Fighting
 * Level 8.2 Polearms
 + Level 6.6 Armour
 - Level 3.6 Shields


You had 3 spell levels left.
You didn't know any spells.
Your spell library was empty.

Dungeon Overview and Level Annotations

Branches:
Dungeon (1/1)

Altars:
Cheibriados
Dithmenos
Elyvilon
Fedhas
Gozag
Hepliaklqana
Kikubaaqudgha
Makhleb
Nemelex Xobeh
Okawaru
Qazlal
Ru
Sif Muna
Trog
Uskayaw
Vehumet
Wu Jian
Xom
Yredelemnul
Zin
The Shining One
Jiyva
Lugonu


Innate Abilities, Weirdness & Mutations

You have a pair of horns on your head.
You reflexively headbutt those who attack you in melee.


Message History

m - a +2 ring of evasion
n - a +3 ring of strength You open the door.
A two-headed ogre, a gnoll bouda, a wight, a wyvern and 2 killer bees come into view.
The two-headed ogre shouts in stereo!
The killer bee buzzes angrily.
The gnoll bouda shouts!
The killer bee buzzes angrily.
The killer bee stings you but does no damage.
You closely miss the killer bee. You block the killer bee's attack.
The killer bee stings you.
You barely miss the killer bee. The killer bee stings you.
The killer bee barely misses you.
You barely miss the killer bee. Your headbutt misses the killer bee.
The killer bee closely misses you. x2
You closely miss the killer bee.
The killer bee stings you but does no damage.
The killer bee barely misses you.
You puncture the killer bee! Your headbutt misses the killer bee.
The killer bee is almost dead.
The killer bee stings you. The killer bee barely misses you.
You furiously retaliate!
You headbutt the killer bee. You barely miss the killer bee.
The killer bee is almost dead.
The killer bee stings you.
The killer bee stings you but does no damage.
You puncture the killer bee!
You kill the killer bee!
Your Fighting skill increases to level 6!
Your Polearms skill increases to level 8!
You hit the wyvern but do no damage. You headbutt the wyvern!
The wyvern is moderately wounded.
The wyvern barely misses you.
You hit the wyvern but do no damage.
The wyvern is moderately wounded.
The wyvern bites you! x2
* * * LOW HITPOINT WARNING * * *
You hit the wyvern. You headbutt the wyvern!
The wyvern is severely wounded.
The wyvern bites you!
You die...
Your body crumbles into a pile of gold.

▓.▓
$
▓.▓
$
▓y▓
$ $
▓O▓
$
▓g▓
$
▓z▓
▓l▓
$ $
▓@▓
$
▓.▓
$
▓[▓
▓[▓
$
▓[▓
▓.▓
$
▓)▓
$
▓.▓
$
▓!▓
$


You could see a two-headed ogre, a wyvern, a gnoll bouda, a killer bee and a
wight.

Vanquished Creatures
  A killer bee (D)
  A hound (D)
  A jelly (D)
  A dart slug (D)
  3 orcs (D)
  A ball python (D)
  An endoplasm (D)
  A kobold (D)
  A rat (D)
11 creatures vanquished.

Notes
Turn   | Place    | Note
-------+----------+-------------------------------------------
     0 | D        | Heoruswealwe the Minotaur Fighter began the quest for the
                  | Orb.
     0 | D        | Reached XP level 1. HP: 19/19 MP: 0/0
     7 | D        | Reached skill level 3 in Polearms
    14 | D        | Reached skill level 4 in Polearms
    42 | D        | Noticed a hound
    42 | D        | Noticed a jelly
    46 | D        | Found a snail-covered altar of Cheibriados.
    46 | D        | Found a shadowy altar of Dithmenos.
    46 | D        | Found a white marble altar of Elyvilon.
    46 | D        | Found a blossoming altar of Fedhas.
    46 | D        | Found an opulent altar of Gozag.
    47 | D        | Found a hazy altar of Hepliaklqana.
    48 | D        | Found a viscous altar of Jiyva.
    49 | D        | Found an ancient bone altar of Kikubaaqudgha.
    50 | D        | Found a corrupted altar of Lugonu.
    51 | D        | Found a burning altar of Makhleb.
    52 | D        | Found a sparkling altar of Nemelex Xobeh.
    53 | D        | Found an iron altar of Okawaru.
    54 | D        | Became a worshipper of Gozag Ym Sagoz the Greedy
    59 | D        | Reached XP level 2. HP: 12/28 MP: 1/1
    61 | D        | Reached skill level 5 in Fighting
    61 | D        | Reached skill level 6 in Polearms
    61 | D        | Reached skill level 5 in Armour
    61 | D        | Reached XP level 3. HP: 17/36 MP: 2/2
    76 | D        | Reached skill level 7 in Polearms
    76 | D        | Reached XP level 4. HP: 25/44 MP: 3/3
    79 | D        | Found a stormy altar of Qazlal.
    80 | D        | Found a sacrificial altar of Ru.
    81 | D        | Found a shimmering blue altar of Sif Muna.
    82 | D        | Found a bloodstained altar of Trog.
    83 | D        | Found a hide-covered altar of Uskayaw.
    84 | D        | Found a radiant altar of Vehumet.
    85 | D        | Found an ornate altar of the Wu Jian Council.
    86 | D        | Found a shimmering altar of Xom.
    87 | D        | Found a basalt altar of Yredelemnul.
    88 | D        | Found a glowing silver altar of Zin.
    89 | D        | Found a glowing golden altar of the Shining One.
   113 | D        | Noticed a two-headed ogre
   113 | D        | Noticed a wyvern
   121 | D        | Reached skill level 8 in Polearms
   123 | D        | Slain by a wyvern

Illustrated notes

Levels and vault maps discovered:
D:        linesprint [early_d, line_temple, items_1, d_10, items_2, lair_1,
          lair_end, items_3, orc_1, orc_end, items_4, d_15, swamp_1, shoals_1,
          snake_1, spider_1, d_20, vaults_1, items_5, swamp_end, shoals_end,
          snake_end, spider_end, vaults_end, d_27, items_6, zot_1, zot_end,
          crypt_end, forest_end, elf_end, slime_end, tomb_end, abyss_end,
          pan_hell_end]

Skill      XL: |  1  2  3  4 |
---------------+-------------+-----
Polearms       | 4 6 7 8 |  8.2
Fighting       | 4 5 6 |  6.6
Armour         | 4 5 6 |  6.6
Shields        | |  3.6

Action                     |  1- 3 |  4- 6 || total
---------------------------+-------+-------++-------
  Melee: Trident           |    26 |    10 ||    36
         Headbutt          |     4 |     2 ||     6
    Use: Scroll            |     1 |       ||     1
 Armour: Scale mail        |    12 |     3 ||    15
  Dodge: Dodged            |     9 |     6 ||    15
  Block: Buckler           |     1 |     1 ||     2
